 Dungeon Crawl Stone Soup version 0.30-a0-368-g86fb4627a9 (webtiles) character file.

Game seed: 17584849308472200704

674363 cndvsk the Minotaur Barricade (level 27, -7/300 HPs)
             Began as a Minotaur Fighter on Nov 19, 2022.
             Was the Champion of Okawaru.
             Mangled by a nargun (15 damage)
             ... while petrified by a nargun
             ... on level 9 of a ziggurat.
             The game lasted 02:28:14 (50244 turns).

cndvsk the Minotaur Barricade (Minotaur Fighter)   Turns: 50244, Time: 02:28:15

Health: -7/300     AC: 49    Str: 35      XL:     27
Magic:  26/28      EV:  2    Int:  6      God:    Okawaru [******]
Gold:   7862       SH:  0    Dex: 21 (22) Spells: 26/26 levels left

rFire   + + .      SeeInvis +    A - +9 broad axe (elec)
rCold   + . .      Faith    .    f - +5 kite shield of Poroul {Rampage rN+ Int-2}
rNeg    + + +      Spirit   .    Z - +8 orange crystal plate armour {Archmagi, Int+3 Clar}
rPois   ∞          Reflect  .    (helmet unavailable)
rElec   .          Harm     .    l - +1 cloak of Valiance {rN++ Regen+ Str-5}
rCorr   +          Rampage  +    H - +0 pair of gloves of Teelaut {Regen+ Dex+4}
Will    +....      Archmagi +    m - +1 pair of boots of Qoolytos {rC+ Regen+ rCorr Str+2}
Stlth   .......... Clarity  +    z - amulet "Sanets" {Acrobat Regen+}
HPRegen 3.90/turn                X - ring "Dutirph" {Fly rF++ Str+6 Dex+3}
MPRegen 0.21/turn                r - ring of the Hare {EV+8}

@: petrified, weak-willed, heroic, finesse-ful, flying, studying Armour
A: horns 3, retaliatory headbutt, thin skeletal structure 1, see invisible,
berserk 1, deterioration 1, sense surroundings 1, poison resistance, robust 1,
shaggy fur 2
}: 5/15 runes: decaying, slimy, silver, abyssal, gossamer
a: Renounce Religion, Heroism, Finesse, Duel


You were on level 9 of a ziggurat.
You worshipped Okawaru.
Okawaru was exalted by your worship.
You visited 11 branches of the dungeon, and saw 51 of its levels.
You visited the Abyss 3 times.
You visited 1 ziggurat, and saw 9 of its levels.
You also visited: Gauntlet and Ice Cave.

You collected 12717 gold pieces.
You spent 4855 gold pieces at shops.

Inventory:

Hand Weapons
 o - a +9 spectral broad axe
 A - a +9 broad axe of electrocution (weapon)
 F - the +10 broad axe of Fragile Peace {spect, rElec Str+4 Dex+4}
   (Okawaru gifted it to you on level 1 of the Crypt)

   When its wielder attacks, the weapon's spirit leaps out and strikes again.
   The spirit shares a part of any damage it takes with its wielder.
   Str:       It affects your strength (+4).
   Dex:       It affects your dexterity (+4).
   rElec:     It insulates you from electricity.
Armour
 f - the +5 kite shield of Poroul (worn) {Rampage rN+ Int-2}
   (You found it on level 1 of the Depths)

   Int:       It affects your intelligence (-2).
   rN:        It protects you from negative energy.
   Rampage:   It bestows one free step when moving towards enemies.
 l - the +1 cloak of Valiance (worn) {rN++ Regen+ Str-5}
   (You found it on level 1 of the Depths)

   Str:       It affects your strength (-5).
   rN:        It greatly protects you from negative energy.
   Regen:     It increases your rate of health regeneration.
 m - the +1 pair of boots of Qoolytos (worn) {rC+ Regen+ rCorr Str+2}
   (You found it on level 6 of a ziggurat)

   Str:       It affects your strength (+2).
   rC:        It protects you from cold.
   Regen:     It increases your rate of health regeneration.
   rCorr:     It protects you from acid and corrosion.
 u - the +1 pair of boots of Elyvilon's Envy {rCorr}
   (You found it on level 5 of the Dungeon)

   rCorr:     It protects you from acid and corrosion.
 y - a +3 kite shield of cold resistance
 H - the +0 pair of gloves of Teelaut (worn) {Regen+ Dex+4}
   (Okawaru gifted it to you on level 2 of the Abyss)

   Dex:       It affects your dexterity (+4).
   Regen:     It increases your rate of health regeneration.
 R - the +2 hat "Omorchuy" {Int+3}
   (Okawaru gifted it to you on level 13 of the Dungeon)

   Int:       It affects your intelligence (+3).
 S - a +2 cloak of poison resistance
 Z - the +8 orange crystal plate armour (worn) {Archmagi, Int+3 Clar}
   (Okawaru gifted it to you on level 5 of the Vaults)

   Int:       It affects your intelligence (+3).
   Clar:      It protects you against confusion.
Jewellery
 e - the amulet of the Four Winds {rN+ Will+++ Clar}
   (You found it on level 2 of a ziggurat)

   [amulet of nothing]

   rN:        It protects you from negative energy.
   Clar:      It protects you against confusion.
   Will:      It greatly increases your willpower.
 k - a +4 ring of protection
 q - a +4 ring of protection
 r - the ring of the Hare (right hand) {EV+8}
   (You bought it in a shop on level 15 of the Dungeon)

   [ring of evasion]

   EV:        It affects your evasion (+8).
 s - a +4 ring of slaying
 z - the amulet "Sanets" (around neck) {Acrobat Regen+}
   (You found it in a Gauntlet)

   [amulet of the acrobat]

   It increases your evasion while moving and waiting.
   Regen:     It increases your rate of health regeneration.
 X - the ring "Dutirph" (left hand) {Fly rF++ Str+6 Dex+3}
   (You took it off a deep elf annihilator on level 3 of the Elven Halls)

   [ring of strength]

   Str:       It affects your strength (+6).
   Dex:       It affects your dexterity (+3).
   rF:        It greatly protects you from fire.
   Fly:       It grants you flight.
Wands
 d - a wand of digging (18)
 p - a wand of acid (34)
 D - a wand of flame (101)
Scrolls
 b - 3 scrolls of enchant armour
 c - 13 scrolls of fear
 h - 3 scrolls of enchant weapon
 i - 14 scrolls of immolation
 t - 5 scrolls of silence
 B - 26 scrolls of teleportation
 M - 6 scrolls of magic mapping
 Q - 7 scrolls of blinking
Potions
 a - 5 potions of heal wounds
 g - 7 potions of cancellation
 j - 30 potions of curing
 n - 7 potions of mutation
 w - 6 potions of ambrosia
 x - 15 potions of flight
 I - 5 potions of might
 K - 11 potions of brilliance
 N - 6 potions of magic
 P - 12 potions of attraction
 U - 2 potions of resistance
 W - 2 potions of berserk rage
Miscellaneous
 Y - a condenser vane


   Skills:
 O Level 27 Fighting
 + Level 22.4(27) Axes
 O Level 27 Armour
 O Level 27 Dodging
 O Level 27 Shields
 - Level 9.0 Invocations


You had 26 spell levels left.
You didn't know any spells.
Your spell library contained the following spells:

 Spells                   Type           Power      Damage    Failure   Level
 Apportation              Tloc           0%         N/A       91%         1
 Beastly Appendage        Tmut           0%         N/A       91%         1
 Kiss of Death            Conj/Necr      0%         2d5       91%         1
 Magic Dart               Conj           0%         1d3       91%         1
 Necrotise                Necr           0%         1d4       91%         1
 Sandblast                Erth           0%         2d4       91%         1
 Slow                     Hex            0%         N/A       91%         1
 Blink                    Tloc           0%         N/A       97%         2
 Cigotuvi's Dreadful Rot  Necr/Pois/Air  0%         N/A       97%         2
 Ensorcelled Hibernation  Hex/Ice        0%         N/A       97%         2
 Momentum Strike          Conj/Tloc      0%         3d8       97%         2
 Passwall                 Tmut/Erth      0%         N/A       97%         2
 Poisonous Vapours        Pois/Air       0%         N/A       97%         2
 Searing Ray              Conj           0%         2d4       97%         2
 Static Discharge         Conj/Air       0%         2-2/arc   97%         2
 Sublimation of Blood     Necr           0%         N/A       97%         2
 Wereblood                Tmut           0%         N/A       97%         2
 Confusing Touch          Hex            0%         N/A       99%         3
 Dazzling Flash           Conj/Hex       0%         N/A       99%         3
 Frozen Ramparts          Ice            0%         1d1       99%         3
 Hailstorm                Conj/Ice       0%         3d3       99%         3
 Ignite Poison            Fire/Tmut/Pois 0%         N/A       99%         3
 Kindle Blastsparks       Fire/Tloc/Air  0%         2d10      99%         3
 Lesser Beckoning         Tloc           0%         N/A       99%         3
 Mephitic Cloud           Conj/Pois/Air  0%         N/A       99%         3
 Portal Projectile        Hex/Tloc       0%         N/A       99%         3
 Spider Form              Tmut/Pois      0%         N/A       99%         3
 Stone Arrow              Conj/Erth      0%         3d7       99%         3
 Teleport Other           Tloc           0%         N/A       99%         3
 Vampiric Draining        Necr           0%         2d6       99%         3
 Vhi's Electric Charge    Tloc/Air       0%         N/A       99%         3
 Anguish                  Hex/Necr       0%         N/A       100%        4
 Dispel Undead            Necr           0%         3d6       100%        4
 Fulminant Prism          Conj/Hex       0%         3d5       100%        4
 Ice Form                 Ice/Tmut       0%         N/A       100%        4
 Iskenderun's Mystic Bla  Conj/Tloc      0%         2d3       100%        4
 Leda's Liquefaction      Hex/Erth       0%         N/A       100%        4
 Olgreb's Toxic Radiance  Pois           0%         N/A       100%        4
 Passage of Golubria      Tloc           0%         N/A       100%        4
 Petrify                  Tmut/Erth      0%         N/A       100%        4
 Sticky Flame             Conj/Fire      0%         2d3       100%        4
 Alistair's Intoxication  Tmut/Pois      0%         N/A       100%        5
 Arcjolt                  Conj/Air       0%         1d10      100%        5
 Fireball                 Conj/Fire      0%         3d3       100%        5
 Freezing Cloud           Conj/Ice/Air   0%         6-21      100%        5
 Irradiate                Conj/Tmut      0%         3d11      100%        5
 Iskenderun's Battlesphe  Conj           0%         2d6       100%        5
 Lee's Rapid Deconstruct  Erth           0%         3d4*      100%        5
 Lightning Bolt           Conj/Air       0%         1d11      100%        5
 Silence                  Hex/Air        0%         N/A       100%        5
 Yara's Violent Unravell  Hex/Tmut       0%         3d3       100%        5
 Conjure Ball Lightning   Conj/Air       0%         3x3d6     100%        6
 Statue Form              Tmut/Erth      0%         N/A       100%        6
 Dragon Form              Tmut           0%         N/A       100%        7
 Enfeeble                 Hex            0%         N/A       100%        7
 Orb of Destruction       Conj           0%         9d5       100%        7
 Ozocubu's Refrigeration  Ice            0%         4d7       100%        7
 Storm Form               Tmut/Air       0%         N/A       100%        7
 Borgnjor's Revivificati  Necr           0%         N/A       100%        8
 Ignition                 Fire           0%         3d3       100%        8
 Lehudib's Crystal Spear  Conj/Erth      0%         10d2      100%        8
 Maxwell's Capacitive Co  Air            0%         ∞         100%        8
 Necromutation            Tmut/Necr      0%         N/A       100%        8
 Death's Door             Necr           0%         N/A       100%        9
 Polar Vortex             Ice            0%         N/A       100%        9
 Shatter                  Erth           0%         3d5*      100%        9
 Summon Small Mammal      Summ           Unusable   N/A       N/A         1
 Call Imp                 Summ           Unusable   N/A       N/A         2
 Tukima's Dance           Hex            Unusable   N/A       N/A         3
 Animate Armour           Summ/Erth      Unusable   N/A       N/A         4
 Summon Ice Beast         Ice/Summ       Unusable   N/A       N/A         4
 Summon Forest            Summ/Tloc      Unusable   N/A       N/A         5
 Death Channel            Necr           Unusable   N/A       N/A         6
 Simulacrum               Ice/Necr       Unusable   N/A       N/A         6
 Haunt                    Necr/Summ      Unusable   N/A       N/A         7
 Malign Gateway           Summ/Tloc      Unusable   N/A       N/A         7

Dungeon Overview and Level Annotations

Branches:
Dungeon (15/15)            Temple (1/1) D:4            Lair (5/5) D:8
  Swamp (4/4) Lair:2       Spider (4/4) Lair:2        Slime (5/5) Lair:4
    Orc (2/2) D:9             Elf (3/3) Orc:2        Vaults (5/5) D:13
  Crypt (3/3) Vaults:3       Tomb (0/3) Crypt:3      Depths (4/4) D:15
    Zot (0/5) Depths:4      IceCv (visited)         Gauntlet (visited)

Altars:
Ashenzari
Cheibriados
Dithmenos
Elyvilon
Fedhas
Gozag
Hepliaklqana
Kikubaaqudgha
Makhleb
Nemelex Xobeh
Okawaru
Qazlal
Ru
Sif Muna
Trog
Uskayaw
Vehumet
Wu Jian
Xom
Yredelemnul
Zin
The Shining One
Jiyva

Shops:
D:5 ?   D:8 [   D:11 *   D:15 :*=*   Orc:2 (!(?   Elf:1 :[([[   Elf:2 ?
Elf:3 ((   Vaults:1 :   Vaults:2 ?*?[   Depths:3 *

Portals:
Hell: Depths:1 Depths:2 Depths:3 Depths:4
Abyss: Depths:3
Pandemonium: Depths:2 Depths:4
Trove: Elf:1 (give +6 demon blade)

Annotations:
D:10 1 runed translucent door, Smoky173's ghost, journeyman DsBe
D:13 1 runed translucent door, crabbyslav's ghost, journeyman HOFi
Elf:2 2 runed translucent doors


Innate Abilities, Weirdness & Mutations

You have a pair of large horns on your head.
You reflexively headbutt those who attack you in melee.
You have a somewhat thin skeletal structure. (Dex +2, Stealth+)
You have supernaturally acute eyesight. (SInv)
You sometimes lose your temper in combat.
Your body sometimes deteriorates upon taking damage.
You passively map a small area around you.
Your system is resistant to poisons. (rPois)
You are robust. (+10% HP)
You are covered in thick fur. (AC +2)


Message History

You kill the tormentor!
Okawaru accepts your kill.
You barely miss the Ice Fiend. The Ice Fiend misses you.
You furiously retaliate!
You headbutt the Ice Fiend! The Ice Fiend claws you.
* * * LOW HITPOINT WARNING * * *
The Ice Fiend freezes you!! You resist.
* * * LOW HITPOINT WARNING * * *
You slice the nargun!! Your headbutt misses the nargun.
The nargun is heavily damaged.
You slash the wendigo! You hit the Ice Fiend but do no damage.
Your limbs are stiffening.
Unknown command.
You hit the nargun but do no damage. You headbutt the nargun.
The nargun is heavily damaged.
You slice the Ice Fiend!! You slice the wendigo!!
Lightning courses through the wendigo!
You kill the wendigo!
Okawaru accepts your kill.
The Ice Fiend calls on the powers of darkness!
Your body is wracked with pain!
* * * LOW HITPOINT WARNING * * *
Your limbs have turned to stone.
You have turned to stone.
The Ice Fiend gestures at you. The bolt of cold hits you. You resist.
* * * LOW HITPOINT WARNING * * *
The nargun hits you!
* * * LOW HITPOINT WARNING * * *
The nargun bites you!
* * * LOW HITPOINT WARNING * * *
The nargun freezes you! You resist.
* * * LOW HITPOINT WARNING * * *
The Ice Fiend gestures at you. The bolt of cold hits you! You resist.
* * * LOW HITPOINT WARNING * * *
The nargun hits you!!
* * * LOW HITPOINT WARNING * * *
Your willpower is stripped away!
The nargun bites you.
* * * LOW HITPOINT WARNING * * *
The nargun freezes you!! You resist.
You die...

▓▓▓▓▓▓▓▓▓▓▓
▓▓.........▓▓
▓▓...........▓▓
▓▓............!▓▓
▓.............|[▓▓
...........†..$$∩▓▓
∩............:?9@)▓
..............$1∩▓▓
▓.............:[▓▓
▓▓............:▓▓
▓▓...........▓▓
▓▓.........▓▓
▓▓▓▓▓▓▓▓▓▓▓


You could see an Ice Fiend and a nargun.

Vanquished Creatures
  the Royal Jelly (Slime:5)
  A dread lich (Depths:4)
  2 ancient liches
  3 juggernauts
  A shard shrike (Zig:9)
  4 caustic shrikes
  8 golden dragons
  A profane servitor (Crypt:3)
  Nikola (Spider:2)
  4 bone dragons
  4 hellephants
  Jorgrun (Swamp:2)
  Rupert (D:15)
  3 tentacled monstrosities
  2 walking earthen tomes (Depths:4)
  3 walking crystal tomes (Depths:4)
  A shard shrike skeleton (Crypt:1)
  2 Ice Fiends (Zig:9)
  5 titans
  2 deep elf master archers (Elf:3)
  Asterion (Vaults:3)
  A quicksilver dragon (Vaults:5)
  7 liches
  9 sphinxes
  17 acid blobs
  Gastronok (Lair:1)
  3 walking frostbound tomes (Depths:4)
  12 ancient champions
  Frances (Swamp:1)
  A thorn hunter (Swamp:3)
  An Executioner (Abyss:4)
  10 tentacled starspawn
  Donald (Vaults:1)
  7 shadow dragons
  11 tengu reavers
  A draconian monk (Depths:4)
  4 revenants
  4 storm dragons
  11 azure jellies (Slime:5)
  9 fire giants
  6 rockslimes
  8 emperor scorpions
  6 deep elf sorcerers
  Louise (Spider:2)
  18 vault wardens
  5 iron dragons
  5 cacodemons
  3 deep elf elementalists (Elf:3)
  7 ghost moths
  8 frost giants
  An orc warlord (Vaults:3)
  29 ironbound preservers
  A curse skull (Crypt:1)
  A draconian shifter (Zig:2)
  11 quicksilver oozes
  2 spriggan defenders
  3 draconian annihilators
  A juggernaut zombie (Crypt:2)
  5 broodmothers
  3 reapers
  The ghost of b0ghi87 the Warrior, a journeyman DjCj of Yredelemnul (D:15)
  5 war gargoyles
  4 starflowers (Abyss:4)
  A juggernaut skeleton (Crypt:1)
  5 ironbound thunderhulks
  12 very ugly things
  The ghost of drbonez the Severer, a journeyman MiFi of Okawaru (Lair:4)
  An ophan (Zig:7)
  11 ghouls
  14 stone giants
  4 vampire knights
  4 eleionomae
  A lorocyproca (Abyss:5)
  8 deep elf demonologists
  The ghost of choppaz the Devastator, a journeyman GrEE of Vehumet (Lair:5)
  2 minotaurs
  A black draconian (Zig:3)
  13 deep elf annihilators
  2 wendigos (Zig:9)
  4 bunyips
  5 spark wasps
  3 crystal guardians
  7 dire elephants
  The ghost of Zoydwoupn the Transmogrifier, a journeyman DgTm (Lair:1)
  A blizzard demon (Depths:3)
  5 deep elf death magi
  A green death (Abyss:5)
  12 ettins
  5 eidola
  7 great orbs of eyes
  17 yaktaur captains
  10 deep elf high priests
  A mummy priest (Crypt:3)
  4 shambling mangroves
  9 entropy weavers
  4 jiangshi
  2 rakshasas
  21 fire dragons
  33 vault guards
  24 hydras
  2 peacekeepers (Vaults:4)
  A hell beast (Depths:2)
  3 spriggan air magi
  10 ice dragons
  An ogre mage (Orc:2)
  3 ghost crabs
  8 centaur warriors
  4 boulder beetles
  Erolcha (Orc:2)
  6 tengu warriors
  13 ironbound frosthearts
  2 radroaches
  Erica (D:10)
  5 spriggan skeletons
  An alligator (shapeshifter) (Vaults:5)
  3 catoblepae
  9 death yaks
  A death knight (Crypt:2)
  An anaconda (shapeshifter) (Vaults:5)
  6 alligators
  9 deep troll earth magi
  8 deep troll shamans
  13 two-headed ogres
  17 dancing weapons
  2 orc high priests
  3 vampire magi
  16 hell hogs
  Urug (D:10)
  13 thrashing horrors
  17 hell knights
  3 soul eaters
  10 spriggan berserkers
  6 wretched stars
  Amaemon (Lair:1)
  4 iron trolls
  42 skeletal warriors
  5 pharaoh ants
  19 deep elf knights
  3 shadow wraiths
  6 sixfirhies
  A bunyip zombie (Crypt:1)
  A goliath frog (shapeshifter) (Depths:4)
  9 glowing orange brains
  A sun moth (Spider:1)
  2 spark wasp zombies
  A death drake (Swamp:3)
  2 golden dragon zombies (Depths:3)
  Lodul (D:10)
  A death drake (shapeshifter) (Vaults:4)
  5 goliath frogs
  An anaconda zombie (Crypt:3)
  6 flayed ghosts
  6 spriggan druids
  A deep troll (shapeshifter) (Vaults:5)
  64 deep trolls
  7 steelbarb worms
  9 swamp dragons
  A quicksilver dragon simulacrum (Crypt:1)
  8 orb spiders
  22 ironbound convokers
  An orange crystal statue (Depths:3)
  A shadow dragon zombie (Crypt:2)
  A spectral hydra (Swamp:3)
  6 wizards
  5 orc knights
  13 phantasmal warriors
  A swamp dragon (shapeshifter) (Vaults:4)
  7 deep elf archers
  2 shadow demons
  3 harpies (Vaults:2)
  23 deep elf zephyrmancers
  22 bog bodies
  6 goliath frog zombies (Swamp:3)
  14 necromancers
  2 anaconda skeletons
  33 deep elf pyromancers
  12 cyclopes
  16 lindwurms
  3 moths of wrath
  A shadow dragon skeleton (Crypt:1)
  A wolf spider (shapeshifter) (Vaults:5)
  5 orc sorcerers
  25 wolf spiders
  2 will-o-the-wisps
  15 elephants
  5 manticores
  A tengu skeleton (Vaults:3)
  A cyclops (shapeshifter) (Vaults:5)
  5 shining eyes
  33 ugly things
  3 worldbinders
  2 black mambas (Lair:5)
  An eye of devastation (Abyss:3)
  A sphinx skeleton (Crypt:1)
  2 naga zombies
  An iron dragon skeleton (Crypt:1)
  An elephant (shapeshifter) (Vaults:5)
  9 smoke demons
  6 torpor snails
  4 apocalypse crabs
  24 cane toads
  A gargoyle (D:13)
  23 vault sentinels
  A shock serpent skeleton (Crypt:1)
  An ice statue (IceCv)
  2 dire elephant skeletons
  A fire giant skeleton (Crypt:3)
  A naga skeleton (Abyss:3)
  3 orange demons
  Maggie (Lair:2)
  6 demonic crawlers
  8 komodo dragons
  6 freezing wraiths
  2 efreet
  An unseen horror (Abyss:4)
  5 rime drakes
  2 tengu conjurers
  32 yaktaurs
  A grey draconian zombie (Crypt:2)
  3 swamp worm zombies (Swamp:3)
  2 elf skeletons
  51 starcursed masses
  An ice devil (Depths:2)
  A purple draconian skeleton (Crypt:1)
  3 tormentors
  5 ancient zymes
  4 guardian mummies (Crypt:3)
  3 hellwings
  A hydra zombie (Crypt:1)
  A yaktaur skeleton (Vaults:2)
  3 meliai (Spider:3)
  9 tyrant leeches
  13 polar bears
  Grinder (D:4)
  3 harpy zombies
  27 tarantellas
  A slime creature (shapeshifter) (Vaults:5)
  8 saltlings (Orc:2)
  A tarantella (shapeshifter) (Vaults:5)
  14 hornets
  3 harpy skeletons
  9 trolls
  A dream sheep (shapeshifter) (Vaults:5)
  55 slime creatures
  A guardian serpent zombie (Crypt:2)
  5 spectral swamp dragons (Swamp:3)
  3 alligator zombies (Swamp:3)
  35 blink frogs
  2 black mamba zombies
  34 jumping spiders
  19 raiju
  A centaur simulacrum (Crypt:3)
  7 flying skulls
  A jumping spider (shapeshifter) (D:15)
  18 culicivoras
  Sigmund (D:4)
  2 elf zombies
  An ice dragon skeleton (Crypt:2)
  12 spriggans
  2 shadows
  A spriggan (shapeshifter) (Vaults:5)
  13 wraiths
  4 wyverns
  A yak (shapeshifter) (Vaults:5)
  3 ynoxinuls
  A water elemental (Elf:1)
  38 large abominations
  4 tyrant leech zombies
  3 ushabtiu (Crypt:3)
  70 yaks
  Eustachio (D:5)
  4 fire bats (Abyss:2)
  A slime creature zombie (Crypt:2)
  7 fire elementals
  7 golden eyes
  A hog (shapeshifter) (Elf:1)
  9 humans (D:13)
  4 basilisks
  3 steam dragons
  Grum (D:8)
  58 redbacks
  23 vampire mosquitoes
  3 chaos spawn
  Menkaure (D:7)
  9 neqoxecs
  A redback (shapeshifter) (Depths:3)
  7 wargs (Orc:2)
  2 human simulacra
  15 swamp worms
  3 acid dragons
  4 floating eyes
  A floating eye (shapeshifter) (Vaults:5)
  22 orc warriors
  A swamp dragon zombie (Abyss:1)
  11 swamp drakes
  15 water moccasins
  2 sky beasts
  4 black bears
  4 ice beasts
  15 ogres
  32 wolves
  7 boggarts
  7 centaurs
  4 human skeletons
  23 small abominations
  A phantom (D:7)
  A komodo dragon zombie (Crypt:2)
  A human zombie (Vaults:2)
  A vine stalker zombie (Crypt:3)
  4 kobold brigands
  14 bullfrogs
  5 necrophages
  6 earth elementals
  A draconian skeleton (Crypt:1)
  13 wights
  2 spriggan zombies
  2 troll zombies (Swamp:3)
  The ghost of Aramant the Trooper, a weakling DsBe of Trog (D:5)
  6 killer bees (D:11)
  3 howler monkeys
  2 electric eels
  3 centaur zombies
  3 hounds
  A jelly (D:4)
  A quasit (Abyss:2)
  2 centaur skeletons
  3 gnoll boudas (D:8)
  9 orc priests
  5 iguanas
  An iron imp (Abyss:1)
  Crazy Yiuf (D:3)
  Jessica (D:3)
  3 hell rats (D:8)
  15 orc wizards
  A scorpion zombie (Crypt:3)
  An ogre zombie (Crypt:2)
  A deep dwarf zombie (Crypt:3)
  An acid dragon skeleton (Crypt:3)
  Robin (D:4)
  A gnoll (shapeshifter) (Depths:4)
  2 howler monkey skeletons
  10 gnolls (D:8)
  7 adders
  2 river rats (D:8)
  2 shadow imps
  2 white imps
  4 ufetubi
  A worm (D:2)
  2 dart slugs
  68 orcs
  9 ball pythons
  6 endoplasms
  A giant cockroach (D:4)
  15 goblins
  7 hobgoblins
  A jackal (D:1)
  24 kobolds
  6 quokkas
  5 bats
  8 frilled lizards
  9 rats
  10 bushes (D:12)
  8 pillars of salt (Orc:2)
  14 starspawn tentacles
2554 creatures vanquished.

Vanquished Creatures (others)
  A titan (Vaults:5)
  An ironbound preserver (Vaults:5)
  A deep elf high priest (Elf:3)
  A deep elf knight (Elf:1)
  A deep troll (Vaults:5)
  A deep elf pyromancer (Elf:1)
  A bloated husk (Swamp:1)
  A large abomination (Abyss:4)
  A human (D:13)
  A chaos spawn (Abyss:5)
  2 boggarts
  A gnoll (D:8)
  3 demonic plants (Abyss:4)
  18 foxfires
  39 fungi
  A lurking horror (Abyss:3)
  4 pillars of salt (Orc:2)
  95 plants
  15 starspawn tentacles
  3 withered plants
191 creatures vanquished.

Grand Total: 2745 creatures vanquished

Notes
Turn   | Place    | Note
-------+----------+-------------------------------------------
     0 | D:1      | cndvsk the Minotaur Fighter began the quest for the Orb.
     0 | D:1      | Reached XP level 1. HP: 19/19 MP: 0/0
   145 | D:1      | Reached XP level 2. HP: 27/27 MP: 1/1
   452 | D:1      | Reached skill level 1 in Dodging
  1071 | D:2      | Reached XP level 3. HP: 33/33 MP: 2/2
  1552 | D:2      | You fall into a shaft and drop 2 floors!
  1552 | D:4      | Found a staircase to the Ecumenical Temple.
  1559 | Temple   | Entered the Ecumenical Temple
  1667 | Temple   | Became a worshipper of Warmaster Okawaru
  1773 | D:4      | Noticed Grinder
  2140 | D:3      | Found a glowing silver altar of Zin.
  2157 | D:3      | Reached XP level 4. HP: 34/40 MP: 3/3
  2311 | D:3      | Found an ornate altar of the Wu Jian Council.
  2489 | D:3      | Noticed Jessica
  2492 | D:3      | Killed Jessica
  2493 | D:3      | Reached XP level 5. HP: 47/47 MP: 4/4
  2754 | D:4      | Noticed Robin
  2766 | D:4      | Killed Robin
  2771 | D:4      | Paralysed by Grinder for 3 turns
  2781 | D:4      | Killed Grinder
  2782 | D:4      | Reached skill level 5 in Fighting
  2782 | D:4      | Reached skill level 5 in Armour
  2782 | D:4      | Reached skill level 5 in Shields
  2782 | D:4      | Reached XP level 6. HP: 32/56 MP: 5/5
  2896 | D:3      | Found a runed translucent door.
  2897 | D:3      | Noticed Crazy Yiuf
  2911 | D:3      | Killed Crazy Yiuf
  2911 | D:3      | Reached * piety under Okawaru
  3224 | D:4      | Noticed Sigmund
  3229 | D:4      | Killed Sigmund
  3230 | D:4      | Reached XP level 7. HP: 61/61 MP: 6/6
  3554 | D:4      | Reached skill level 5 in Axes
  3579 | D:4      | Identified a scroll of acquirement
  3579 | D:4      | Acquired a +6 broad axe of venom
  3893 | D:5      | Entered Level 5 of the Dungeon
  4012 | D:5      | Found Kipnuinu's Magic Scroll Shoppe.
  4088 | D:5      | Identified the +1 pair of boots of Elyvilon's Envy {rCorr}
  4186 | D:5      | Reached XP level 8. HP: 70/70 MP: 7/7
  4219 | D:5      | Reached ** piety under Okawaru
  4233 | D:5      | Noticed Eustachio
  4259 | D:5      | Killed Eustachio
  4294 | D:5      | Reached skill level 5 in Dodging
  4307 | D:5      | Found a runed translucent gate.
  4307 | D:5      | Found a runed translucent gate.
  4416 | D:5      | Found a runed translucent gate.
  4421 | D:5      | Noticed Aramant's ghost (weakling DsBe)
  4427 | D:5      | Killed Aramant's ghost
  4826 | D:5      | Found a bloodstained altar of Trog.
  5048 | D:6      | Found a broken altar of Ashenzari.
  5091 | D:6      | Reached XP level 9. HP: 52/78 MP: 8/8
  5245 | D:6      | Reached *** piety under Okawaru
  5335 | D:6      | Got the Incunable of the Figure
  5589 | D:6      | Reached skill level 10 in Axes
  5763 | D:7      | Noticed Menkaure
  5772 | D:7      | Killed Menkaure
  6093 | D:7      | Reached **** piety under Okawaru
  6544 | D:5      | Bought a scroll of acquirement for 520 gold pieces
  6547 | D:5      | Acquired 687 gold pieces
  6551 | D:5      | Acquired a manual of Shields
  6698 | D:5      | Bought a scroll of identify for 20 gold pieces
  6698 | D:5      | Bought a scroll of enchant armour for 75 gold pieces
  6698 | D:5      | Bought a scroll of teleportation for 30 gold pieces
  6698 | D:5      | Bought a scroll of identify for 20 gold pieces
  6698 | D:5      | Bought a scroll of enchant weapon for 75 gold pieces
  6698 | D:5      | Bought a scroll of teleportation for 30 gold pieces
  6911 | D:7      | Noticed a troll
  6916 | D:7      | Killed a troll
  6917 | D:7      | Reached XP level 10. HP: 72/86 MP: 9/9
  6946 | D:7      | Noticed a deep elf pyromancer
  6951 | D:7      | Killed a deep elf pyromancer
  6955 | D:7      | Noticed a cyclops
  6961 | D:7      | Killed a cyclops
  6973 | D:7      | Noticed a cyclops
  6979 | D:7      | Killed a cyclops
  6979 | D:7      | Noticed a two-headed ogre
  6981 | D:7      | Killed a two-headed ogre
  6981 | D:7      | Reached ***** piety under Okawaru
  7291 | D:8      | Found Paiwni's Antique Armour Emporium.
  7408 | D:8      | Noticed Grum
  7417 | D:8      | Killed Grum
  7419 | D:8      | Found a burning altar of Makhleb.
  7419 | D:8      | Found a shadowy altar of Dithmenos.
  7428 | D:8      | Found a sparkling altar of Nemelex Xobeh.
  7467 | D:8      | Noticed a death yak
  7468 | D:8      | Noticed a death yak
  7474 | D:8      | Noticed a death yak
  7482 | D:8      | Killed a death yak
  7483 | D:8      | Reached skill level 10 in Shields
  7483 | D:8      | Reached XP level 11. HP: 83/95 MP: 7/10
  7483 | D:8      | Killed a death yak
  7483 | D:8      | Identified the +4 quarterstaff of Toizan {pain, rF+ Dex+3}
                  | (Okawaru gifted it to you on level 8 of the Dungeon)
  7483 | D:8      | Received a gift from Okawaru
  7491 | D:8      | Killed a death yak
  7500 | D:8      | Found a staircase to the Lair.
  8237 | D:9      | Found a staircase to the Orcish Mines.
  8663 | D:10     | Entered Level 10 of the Dungeon
  8691 | D:10     | Received a gift from Okawaru
  8875 | D:10     | Noticed Lodul
  8880 | D:10     | Noticed Urug
  8887 | D:10     | Killed Lodul
  8896 | D:10     | Killed Urug
  9156 | D:10     | Found a runed translucent door.
  9157 | D:10     | Noticed Smoky173's ghost (journeyman DsBe)
  9241 | D:10     | Reached ****** piety under Okawaru
  9579 | D:10     | Noticed a two-headed ogre
  9583 | D:10     | Killed a two-headed ogre
  9583 | D:10     | Received a gift from Okawaru
  9584 | D:10     | Reached skill level 10 in Fighting
  9584 | D:10     | Reached skill level 10 in Armour
  9618 | D:10     | Noticed Erica
  9627 | D:10     | Killed Erica
  9874 | D:11     | Acquired 1070 gold pieces
  9888 | D:11     | Reached XP level 12. HP: 106/106 MP: 11/11
 10145 | D:11     | Found Rikk's Assorted Antiques.
 10148 | D:11     | Bought a scroll labelled XOKOCKI MEFU for 21 gold pieces
 10459 | D:12     | Noticed a two-headed ogre
 10496 | D:12     | Noticed a boulder beetle
 10506 | D:11     | Killed a boulder beetle
 10711 | D:12     | Killed a two-headed ogre
 10734 | D:12     | Noticed a two-headed ogre
 10742 | D:12     | Killed a two-headed ogre
 11041 | D:12     | Noticed a centaur warrior
 11088 | D:12     | Killed a centaur warrior
 11602 | D:13     | Found a gate leading to a gauntlet.
 11604 | D:13     | Noticed a centaur warrior
 11617 | D:13     | Killed a centaur warrior
 11626 | Gauntlet | Entered a Gauntlet
 11626 | Gauntlet | Found a transporter.
 11626 | Gauntlet | Found a transporter.
 11627 | Gauntlet | Noticed a death scarab
 11628 | Gauntlet | Noticed a reaper
 11668 | Gauntlet | Found a transporter.
 11668 | Gauntlet | Found a transporter.
 11671 | Gauntlet | Found a transporter.
 11689 | Gauntlet | Found a transporter.
 11695 | Gauntlet | Found a transporter.
 11710 | Gauntlet | Found a transporter.
 11714 | Gauntlet | Found a transporter.
 11775 | Gauntlet | Found a transporter.
 11785 | Gauntlet | Found a transporter.
 11810 | Gauntlet | Found a transporter.
 11894 | Gauntlet | Killed a reaper
 11895 | Gauntlet | Reached skill level 15 in Axes
 12128 | Gauntlet | Identified the -1 hat "Cusumace" {rF+ Str+3 Int+2 Dex+4}
 12149 | Gauntlet | Gained mutation: You possess an exceptional clarity of
                  | mind. [a neqoxec]
 12152 | Gauntlet | Gained mutation: You are dopey. (Int -2) [a neqoxec]
 12153 | Gauntlet | Identified the amulet "Sanets" {Acrobat Regen+}
 12249 | Gauntlet | Identified the amulet "Leat" {rElec rF+ Regen+}
 12249 | Gauntlet | Noticed a minotaur
 12265 | Gauntlet | Killed a minotaur
 12319 | Gauntlet | Got the Encyclopedia of Poisonous Feathers
 12370 | D:13     | Noticed a two-headed ogre
 12377 | D:13     | Killed a two-headed ogre
 12377 | D:13     | Identified the +9 hand axe of Eternal War {vorpal, Str+4}
                  | (Okawaru gifted it to you on level 13 of the Dungeon)
 12377 | D:13     | Received a gift from Okawaru
 12444 | D:13     | Found a runed translucent door.
 12445 | D:13     | Noticed crabbyslav's ghost (journeyman HOFi)
 12451 | D:13     | Reached skill level 10 in Dodging
 12451 | D:13     | Reached skill level 1 in Invocations
 12541 | D:13     | Noticed a vault guard
 12541 | D:13     | Noticed a vault guard
 12555 | D:13     | Killed a vault guard
 12556 | D:13     | Reached XP level 13. HP: 117/117 MP: 11/13
 12593 | D:13     | Found a gate to the Vaults.
 12791 | D:13     | Identified the +2 hat "Omorchuy" {Int+3} (Okawaru gifted it
                  | to you on level 13 of the Dungeon)
 12791 | D:13     | Received a gift from Okawaru
 12833 | D:13     | Lost mutation: You are dopey. (Int -2) [potion of mutation]
 12833 | D:13     | Lost mutation: You possess an exceptional clarity of mind.
                  | [potion of mutation]
 12833 | D:13     | Gained mutation: You are agile. (Dex +4, Str/Int -1)
                  | [potion of mutation]
 12833 | D:13     | Gained mutation: Armour fits poorly on your strangely
                  | shaped body. [potion of mutation]
 12833 | D:13     | Gained mutation: Your spells are a little harder to cast,
                  | but a little more powerful. [potion of mutation]
 13209 | D:14     | Identified the +10 rapier of the Solstice {freeze, Str+3}
 13323 | D:14     | Reached skill level 15 in Shields
 14161 | Lair:1   | Entered Level 1 of the Lair of Beasts
 14161 | Lair:1   | Found a runed translucent gate.
 14161 | Lair:1   | Found a runed translucent gate.
 14161 | Lair:1   | Found a runed translucent gate.
 14163 | Lair:1   | Noticed Zoydwoupn's ghost (journeyman DgTm)
 14189 | Lair:1   | Noticed Amaemon
 14206 | Lair:1   | Killed Amaemon
 14210 | Lair:1   | Killed Zoydwoupn's ghost
 14706 | Lair:1   | Noticed Gastronok
 14723 | Lair:1   | Killed Gastronok
 14754 | Lair:1   | Identified the +9 war axe of the Wraith {drain, Str-2 Int+5
                  | Dex+2} (Okawaru gifted it to you on level 1 of the Lair of
                  | Beasts)
 14754 | Lair:1   | Received a gift from Okawaru
 14788 | Lair:1   | Reached XP level 14. HP: 130/130 MP: 16/16
 15407 | Lair:2   | Noticed Maggie
 15437 | Lair:2   | Reached skill level 5 in Invocations
 15453 | Lair:2   | Killed Maggie
 15531 | Lair:2   | Found the amulet of Elemental Vulnerability {rPois rF--
                  | rC-- AC+8}
 15896 | Lair:2   | Found a staircase to the Swamp.
 16166 | Lair:2   | Found a hole to the Spider Nest.
 16393 | Lair:3   | Received a gift from Okawaru
 16568 | Lair:3   | Identified the +4 falchion of Crawling {pain, Dex+4}
 17093 | Lair:4   | Found a runed translucent door.
 17094 | Lair:4   | Found a viscous altar of Jiyva.
 17094 | Lair:4   | Noticed an acid blob
 17095 | Lair:4   | Noticed an acid blob
 17095 | Lair:4   | Noticed an acid blob
 17096 | Lair:4   | Found a staircase to the Slime Pits.
 17345 | Lair:4   | Found a frozen archway.
 17356 | IceCv    | Entered an ice cave
 17392 | IceCv    | Reached skill level 15 in Fighting
 17613 | IceCv    | Received a gift from Okawaru
 18354 | Lair:4   | Found a runed translucent gate.
 18355 | Lair:4   | Found a runed translucent gate.
 18356 | Lair:4   | Found a runed translucent gate.
 18458 | Lair:4   | Noticed drbonez's ghost (journeyman MiFi)
 18480 | Lair:4   | Identified the +1 robe "Takhal Qit" {Harm rF++ Str+3
                  | Slay+5}
 18639 | Lair:4   | Reached XP level 15. HP: 141/141 MP: 18/18
 18975 | Lair:5   | Entered Level 5 of the Lair of Beasts
 19062 | Lair:5   | Noticed choppaz's ghost (journeyman GrEE)
 19063 | Lair:5   | Found a runed translucent gate.
 19072 | Lair:5   | Found a runed translucent gate.
 19072 | Lair:5   | Found a runed translucent gate.
 19142 | Lair:5   | Received a gift from Okawaru
 19216 | Lair:5   | Identified the +1 plate armour of Suicomn {Str+3} (Okawaru
                  | gifted it to you on level 5 of the Lair of Beasts)
 19216 | Lair:5   | Received a gift from Okawaru
 19754 | Lair:5   | Lost mutation: Armour fits poorly on your strangely shaped
                  | body. [potion of mutation]
 19754 | Lair:5   | Lost mutation: Your spells are a little harder to cast, but
                  | a little more powerful. [potion of mutation]
 19754 | Lair:5   | Lost mutation: You are agile. (Dex +4, Str/Int -1) [potion
                  | of mutation]
 19754 | Lair:5   | Gained mutation: You are partially covered in iridescent
                  | scales. (AC +2) [potion of mutation]
 19754 | Lair:5   | Gained mutation: Your muscles are strong. (Str +4, Int/Dex
                  | -1) [potion of mutation]
 19754 | Lair:5   | Gained mutation: You are partially covered in large bone
                  | plates. (SH +4) [potion of mutation]
 19754 | Lair:5   | Gained mutation: You have sharp fingernails. [potion of
                  | mutation]
 20013 | Lair:5   | Killed choppaz's ghost
 20195 | Orc:1    | Entered Level 1 of the Orcish Mines
 20344 | Orc:2    | Entered Level 2 of the Orcish Mines
 20403 | Orc:2    | Found a staircase to the Elven Halls.
 20434 | Orc:2    | Noticed Erolcha
 20447 | Abyss:1  | Cast into level 1 of the Abyss (Erolcha)
 20456 | Abyss:1  | Found a corrupted altar of Lugonu.
 20502 | Abyss:1  | Noticed a tentacled starspawn
 20509 | Abyss:1  | Killed a tentacled starspawn
 20638 | Abyss:1  | Noticed a tentacled starspawn
 20649 | Abyss:1  | Noticed a tentacled starspawn
 20807 | Abyss:1  | Received a gift from Okawaru
 20836 | Abyss:1  | Noticed a bone dragon
 20865 | Abyss:1  | Killed a bone dragon
 20869 | Orc:2    | Escaped the Abyss
 20873 | Orc:2    | Killed Erolcha
 20983 | Orc:1    | Found a burning altar of Makhleb.
 21436 | Orc:2    | Reached XP level 16. HP: 147/155 MP: 21/21
 21570 | Orc:2    | Found Ucoa's Distillery.
 21590 | Orc:2    | Reached skill level 15 in Armour
 21621 | Orc:2    | Found Rolep's Antique Weapon Shoppe.
 21631 | Orc:2    | Bought a potion of curing for 45 gold pieces
 21631 | Orc:2    | Bought a potion of flight for 45 gold pieces
 21631 | Orc:2    | Bought a potion of heal wounds for 75 gold pieces
 21665 | Orc:2    | Found Uchuit's Weapon Shop.
 21881 | Orc:2    | Found Fegopask's Magic Scroll Shoppe.
 21882 | Orc:2    | Paralysed by an orc sorcerer for 2 turns
 21896 | Orc:2    | Bought a scroll of blinking for 112 gold pieces
 21896 | Orc:2    | Bought 3 scrolls of teleportation for 135 gold pieces
 21896 | Orc:2    | Bought a scroll of silence for 142 gold pieces
 22157 | D:15     | Entered Level 15 of the Dungeon
 22188 | D:15     | Found a runed translucent gate.
 22188 | D:15     | Found a runed translucent gate.
 22188 | D:15     | Found a runed translucent gate.
 22190 | D:15     | Found an ancient bone altar of Kikubaaqudgha.
 22190 | D:15     | Noticed a lich
 22190 | D:15     | Noticed a lich
 22190 | D:15     | Noticed a lich
 22190 | D:15     | Noticed a lich
 22191 | D:15     | Noticed b0ghi87's ghost (journeyman DjCj)
 22207 | D:15     | Found Qaakhi Niufa's Jewellery Boutique.
 22210 | D:15     | Bought the ring of the Hare {EV+8} for 2432 gold pieces
 22210 | D:15     | Found the ring of the Hare {EV+8}
 22359 | D:15     | Found Vogicej's Book Shop.
 22359 | D:15     | Found Tateqot's Assorted Antiques.
 22377 | D:15     | Bought a potion of curing for 81 gold pieces
 22520 | D:15     | Noticed Rupert
 22534 | D:15     | Killed Rupert
 22602 | D:15     | Received a gift from Okawaru
 22701 | D:15     | Found a staircase to the Depths.
 22996 | D:15     | Found Uqugheca's Assorted Antiques.
 22999 | D:15     | Bought a potion of flight for 105 gold pieces
 23122 | D:15     | Killed a lich
 23127 | D:15     | Killed b0ghi87's ghost
 23127 | D:15     | Killed a lich
 23129 | D:15     | Killed a lich
 23132 | D:15     | Killed a lich
 23137 | D:15     | Identified the +0 hat of Uskayaw {Rampage Int+4}
 23142 | D:15     | Identified the amulet of the Priest {Reflect Int+4 SH+5}
 23154 | D:15     | Got Kikubaaqudgha's Guide on Black Rites
 23353 | Spider:1 | Entered Level 1 of the Spider Nest
 23430 | Spider:1 | Received a gift from Okawaru
 23565 | Spider:1 | You fall into a shaft and drop 1 floor!
 23984 | Spider:2 | Noticed Nikola
 23997 | Spider:2 | Killed Nikola
 23998 | Spider:2 | Reached XP level 17. HP: 133/166 MP: 15/22
 24388 | Spider:2 | Noticed Louise
 24407 | Abyss:2  | Cast into level 2 of the Abyss (Louise)
 24569 | Abyss:2  | Identified the +0 pair of gloves of Teelaut {Regen+ Dex+4}
                  | (Okawaru gifted it to you on level 2 of the Abyss)
 24569 | Abyss:2  | Received a gift from Okawaru
 24811 | Spider:2 | Escaped the Abyss
 24820 | Spider:2 | Killed Louise
 25579 | Spider:3 | Gained mutation: You do not regenerate when monsters are
                  | visible. [mutagenic glow]
 25828 | Spider:3 | Reached skill level 15 in Dodging
 26256 | Spider:4 | Entered Level 4 of the Spider Nest
 26820 | Spider:4 | Received a gift from Okawaru
 26941 | Spider:4 | Reached XP level 18. HP: 100/178 MP: 18/23
 27071 | Spider:4 | Got a gossamer rune of Zot
 27073 | Spider:4 | Reached XP level 19. HP: 184/184 MP: 18/24
 27074 | Spider:4 | Reached XP level 20. HP: 193/193 MP: 18/25
 27559 | Swamp:1  | Entered Level 1 of the Swamp
 27577 | Swamp:1  | Lost mutation: You do not regenerate when monsters are
                  | visible. [potion of mutation]
 27577 | Swamp:1  | Lost mutation: Your muscles are strong. (Str +4, Int/Dex
                  | -1) [potion of mutation]
 27577 | Swamp:1  | Lost mutation: You have sharp fingernails. [potion of
                  | mutation]
 27577 | Swamp:1  | Gained mutation: You occasionally lose the ability to drink
                  | potions when taking damage. [potion of mutation]
 27577 | Swamp:1  | Gained mutation: You are covered in fur. (AC +1) [potion of
                  | mutation]
 27577 | Swamp:1  | Gained mutation: Your muscles are strong. (Str +4, Int/Dex
                  | -1) [potion of mutation]
 27577 | Swamp:1  | Gained mutation: You are strong-willed. (Will+) [potion of
                  | mutation]
 27597 | Swamp:1  | Received a gift from Okawaru
 27598 | Swamp:1  | Found the +1 robe of Vines {NoPotionHeal Regen++++}
 27682 | Swamp:1  | Noticed Frances
 27700 | Swamp:1  | Killed Frances
 28109 | Swamp:2  | Noticed Jorgrun
 28132 | Swamp:2  | Killed Jorgrun
 28337 | Swamp:2  | Identified the +3 war axe of Youthful Indiscretion {vorpal,
                  | *Rage Int+4 Dex+4}
 29416 | Swamp:3  | Identified the amulet of Yendor {Acrobat rElec rCorr Str+6}
 29506 | Swamp:3  | Got the Precepts of Flamy Conduction
 29703 | Swamp:4  | Entered Level 4 of the Swamp
 29722 | Swamp:4  | Received a gift from Okawaru
 30047 | Swamp:4  | Got a decaying rune of Zot
 30546 | Vaults:1 | Entered Level 1 of the Vaults
 30806 | Vaults:1 | Received a gift from Okawaru
 30811 | Vaults:1 | Reached XP level 21. HP: 199/204 MP: 26/26
 30855 | Vaults:1 | Noticed Donald
 30874 | Vaults:1 | Killed Donald
 31112 | Vaults:1 | Found Yferchaec's Book Shoppe.
 31123 | Vaults:1 | Identified the +8 bardiche of Jumping Misery {vamp, SInv}
 31172 | Vaults:1 | Received a gift from Okawaru
 31351 | Vaults:1 | Identified the +1 chain mail of Paranoia {Fly rElec rN+++
                  | Int+3 Dex-4}
 32223 | Vaults:2 | Received a gift from Okawaru
 32370 | Vaults:2 | Found Ruujahee's Antique Armour Shop.
 32375 | Vaults:2 | Received a gift from Okawaru
 32479 | Vaults:2 | Found Zialytof's Magic Scroll Shop.
 32492 | Vaults:2 | Bought a scroll of teleportation for 54 gold pieces
 32492 | Vaults:2 | Bought a scroll of magic mapping for 135 gold pieces
 32492 | Vaults:2 | Bought a scroll of blinking for 135 gold pieces
 32514 | Vaults:2 | Found Ithririrph's General Store.
 32522 | Vaults:2 | Bought a scroll of blinking for 157 gold pieces
 32811 | Vaults:2 | Found Jeab's Magic Scroll Boutique.
 32819 | Vaults:2 | Bought a scroll of fear for 60 gold pieces
 32819 | Vaults:2 | Bought a scroll of enchant armour for 112 gold pieces
 33333 | Vaults:3 | Found a staircase to the Crypt.
 33387 | Vaults:3 | Identified the +1 robe of Shielding {rCorr} (Okawaru gifted
                  | it to you on level 3 of the Vaults)
 33387 | Vaults:3 | Received a gift from Okawaru
 33615 | Vaults:3 | Noticed Asterion
 33620 | Vaults:3 | Reached XP level 22. HP: 207/216 MP: 27/27
 33630 | Vaults:3 | Killed Asterion
 34282 | Vaults:3 | Paralysed by a sphinx for 2 turns
 35071 | Vaults:4 | Received a gift from Okawaru
 35641 | Elf:1    | Entered Level 1 of the Elven Halls
 35665 | Elf:1    | Found a radiant altar of Vehumet.
 35713 | Elf:1    | Found Fasi's Armour Emporium.
 35735 | Elf:1    | Identified the +5 sling of War {drain, rC- Will++ rCorr}
 35740 | Elf:1    | Found Fuvor's Antique Weapon Emporium.
 35855 | Elf:1    | Found a portal to a secret trove of treasure.
 35856 | Elf:1    | Found Losud's Book Shoppe.
 35991 | Elf:1    | Found Isetedil's Antique Armour Boutique.
 36226 | Elf:1    | Found a runed translucent gate.
 36226 | Elf:1    | Found a runed translucent gate.
 36226 | Elf:1    | Found a runed translucent gate.
 36226 | Elf:1    | Found a runed translucent gate.
 36226 | Elf:1    | Found a runed translucent gate.
 36227 | Elf:1    | Found a runed translucent gate.
 36292 | Elf:1    | Found a runed translucent door.
 36409 | Elf:1    | Found Vacon's Armour Emporium.
 37050 | Elf:2    | Reached XP level 23. HP: 227/227 MP: 28/28
 37052 | Elf:2    | Found a runed translucent door.
 37076 | Elf:2    | Found a runed translucent door.
 37175 | Elf:2    | Found Acuthad's Magic Scroll Boutique.
 37183 | Elf:2    | Bought a scroll of fear for 56 gold pieces
 37183 | Elf:2    | Bought a scroll of magic mapping for 105 gold pieces
 37332 | Elf:3    | Entered Level 3 of the Elven Halls
 37360 | Elf:3    | Found Hixzaf's Weapon Emporium.
 37414 | Elf:3    | Received a gift from Okawaru
 37458 | Elf:3    | Found Suschem's Weapon Emporium.
 37899 | Elf:3    | Identified the ring "Azulyw" {rN+ Int+6 Dex+5}
 37913 | Elf:3    | Identified the +8 short sword of Hell's Wrath {flame, rN+++
                  | rCorr MP+9}
 37913 | Elf:3    | Identified the +0 robe of Courage {Rampage rF+ Dex-4}
 37960 | Elf:3    | Identified the +7 dagger "Toerastri" {venom, Str+2}
 38094 | Elf:3    | Identified the +1 leather armour of Zouguex {rElec MP+9
                  | Dex+3}
 38094 | Elf:3    | Identified the ring "Dutirph" {Fly rF++ Str+6 Dex+3}
 38166 | Elf:3    | Got the Compilation of the Salvo
 38172 | Elf:3    | Got Omeoc's Treatise on Gritty Direction
 38190 | Elf:3    | Identified the ring "Teicy" {rC+ rCorr Str+2 Stlth+}
 39020 | Vaults:5 | Entered Level 5 of the Vaults
 39020 | Vaults:5 | Noticed an ancient lich
 39043 | Vaults:5 | Identified the +1 scale mail of Life {Str+7} (Okawaru
                  | gifted it to you on level 5 of the Vaults)
 39043 | Vaults:5 | Received a gift from Okawaru
 39047 | Vaults:5 | Killed an ancient lich
 39134 | Vaults:5 | Identified the +7 glaive "Urufory" {pain, Int+4}
 39398 | Vaults:5 | Received a gift from Okawaru
 39398 | Vaults:5 | Found the +8 orange crystal plate armour {Archmagi, Int+3
                  | Clar}
 39558 | Vaults:5 | Identified the +1 falchion "Hydrabane" {vamp, Str+9 Dex-3
                  | Stlth-}
 39583 | Vaults:5 | Reached XP level 24. HP: 238/239 MP: 28/28
 39636 | Vaults:5 | Identified the +2 robe of Xeotupom {*Corrode Int+5}
 39733 | Vaults:5 | Got a silver rune of Zot
 40584 | Vaults:5 | Identified the +10 mace "Ymitrit" {vorpal, rF+ Str+7}
 40846 | Crypt:1  | Entered Level 1 of the Crypt
 40970 | Crypt:1  | Identified the +10 broad axe of Fragile Peace {spect, rElec
                  | Str+4 Dex+4} (Okawaru gifted it to you on level 1 of the
                  | Crypt)
 40970 | Crypt:1  | Received a gift from Okawaru
 41220 | Crypt:1  | Identified the amulet of Xurifu {Reflect -Tele Regen+ Int+3
                  | SH+5}
 41720 | Crypt:2  | Identified the +1 scale mail of Ennui {rC+ Dex+3} (Okawaru
                  | gifted it to you on level 2 of the Crypt)
 41720 | Crypt:2  | Received a gift from Okawaru
 42003 | Crypt:3  | Entered Level 3 of the Crypt
 42003 | Crypt:3  | Found an ancient bone altar of Kikubaaqudgha.
 42567 | Crypt:3  | Found a staircase to the Tomb.
 42650 | Crypt:3  | Identified the +9 spear of Toyl {spect, rElec Will+ Str-3
                  | Dex+3}
 42860 | Crypt:3  | Found an ancient bone altar of Kikubaaqudgha.
 42891 | Crypt:3  | Found a basalt altar of Yredelemnul.
 43020 | Crypt:3  | Reached XP level 25. HP: 251/251 MP: 28/28
 43129 | Crypt:3  | Identified the +4 ice dragon scales of Fortitude {Rampage
                  | rF- rC++ Will- Str+4}
 43488 | Depths:1 | Entered Level 1 of the Depths
 43660 | Depths:1 | Identified the +5 kite shield of Poroul {Rampage rN+ Int-2}
 43911 | Depths:1 | Found a gateway to Hell.
 43934 | Depths:1 | Received a gift from Okawaru
 44001 | Depths:1 | Noticed a juggernaut
 44001 | Depths:1 | Noticed a juggernaut
 44048 | Depths:1 | Killed a juggernaut
 44052 | Depths:1 | Killed a juggernaut
 44196 | Depths:1 | Identified the +1 cloak of Valiance {rN++ Regen+ Str-5}
 44462 | Depths:2 | Found a sacrificial altar of Ru.
 44542 | Depths:1 | Identified the +1 quarterstaff of Peril {venom, Will+
                  | Int+5}
 44620 | Depths:2 | Identified the +1 ring mail of the Wasteland {rPois rCorr
                  | Dex-2}
 44774 | Depths:2 | Found a one-way gate leading to the halls of Pandemonium.
 44890 | Depths:2 | Gained mutation: You have supernaturally acute eyesight.
                  | (SInv) [a neqoxec]
 45291 | Depths:3 | Found a runed translucent door.
 45300 | Depths:3 | Found a runed translucent door.
 45343 | Depths:3 | Identified the +2 pair of boots "Emuatify" {Fly rElec
                  | rPois} (Okawaru gifted it to you on level 3 of the Depths)
 45343 | Depths:3 | Received a gift from Okawaru
 45683 | Depths:3 | Found a one-way gateway to a ziggurat.
 45686 | Depths:3 | Paralysed by a floating eye for 3 turns
 45713 | Depths:3 | Reached skill level 27 in Shields
 45812 | Depths:3 | Found a one-way gate to the infinite horrors of the Abyss.
 45931 | Depths:3 | Found Umnuom's General Store.
 45934 | Depths:3 | Bought a potion of curing for 39 gold pieces
 45934 | Depths:3 | Bought a potion of attraction for 39 gold pieces
 45938 | Depths:3 | Found a shimmering altar of Xom.
 45964 | Depths:4 | Entered Level 4 of the Depths
 46110 | Depths:4 | Noticed a dread lich
 46121 | Depths:4 | Killed a dread lich
 46274 | Depths:4 | Found a gate to the Realm of Zot.
 46362 | Depths:4 | Found a broken altar of Ashenzari.
 46362 | Depths:4 | Found a white marble altar of Elyvilon.
 46363 | Depths:4 | Found a basalt altar of Yredelemnul.
 46492 | Depths:4 | Reached XP level 26. HP: 261/264 MP: 28/28
 46505 | Depths:4 | Reached skill level 27 in Fighting
 46879 | Depths:4 | Received a gift from Okawaru
 46879 | Depths:4 | Found the +10 tower shield of Ignorance {rN+ Int-4}
 46915 | Depths:4 | Noticed a juggernaut
 46926 | Depths:4 | Killed a juggernaut
 47568 | Lair:4   | Killed drbonez's ghost
 47646 | Slime:1  | Entered Level 1 of the Pits of Slime
 47709 | Slime:5  | Entered Level 5 of the Pits of Slime
 47713 | Slime:5  | Reached skill level 27 in Armour
 47742 | Slime:5  | Gained mutation: You have a somewhat thin skeletal
                  | structure. (Dex +2, Stealth+) [a shining eye]
 47751 | Slime:5  | Noticed the Royal Jelly
 47785 | Slime:5  | Gained mutation: You occasionally shout uncontrollably at
                  | your foes. [a shining eye]
 47797 | Slime:5  | Killed the Royal Jelly
 47803 | Slime:5  | Gained mutation: You have very sharp teeth. [a shining eye]
 47805 | Slime:5  | Gained mutation: You are occasionally teleported next to
                  | monsters. [a shining eye]
 47807 | Slime:5  | Gained mutation: Your magical capacity is low. (-10% MP) [a
                  | shining eye]
 47868 | Slime:5  | Identified the +8 short sword of Obayvegg {drain, Contam
                  | rC+ Int+2 Stlth+}
 47872 | Slime:5  | Identified the +0 cloak of Delicate Fun {Dex+3}
 47900 | Slime:5  | Identified the +10 mace of the Lame Duck {holy, Fly}
 47909 | Slime:5  | Identified the +6 war axe "Zaha Soc" {protect, Will+ Dex+3}
 47911 | Slime:5  | Got a slimy rune of Zot
 47916 | Slime:5  | Identified the ring of Abe Paeg {Ice Stlth+}
 47960 | Slime:5  | Got the Compendium of Displacement
 47969 | Slime:5  | Identified the +3 hand axe "Diric" {antimagic, rElec rC+
                  | Int+3 Dex+6}
 48378 | Depths:3 | Voluntarily entered the Abyss.
 48931 | Abyss:4  | Found a corrupted altar of Lugonu.
 49033 | Abyss:4  | Paralysed by accursed screaming for 1 turns
 49042 | Abyss:4  | Paralysed by accursed screaming for 1 turns
 49055 | Abyss:4  | Lost mutation: Your muscles are strong. (Str +4, Int/Dex
                  | -1) [a cacodemon]
 49061 | Abyss:4  | Paralysed by a floating eye for 3 turns
 49072 | Abyss:4  | Paralysed by a floating eye for 3 turns
 49084 | Abyss:4  | Paralysed by a floating eye for 2 turns
 49094 | Abyss:4  | Paralysed by a floating eye for 2 turns
 49106 | Abyss:4  | Paralysed by a floating eye for 3 turns
 49116 | Abyss:4  | Identified the +7 plate armour of Serendipity {rElec rC-
                  | Int+5 SInv} (Okawaru gifted it to you on level 4 of the
                  | Abyss)
 49116 | Abyss:4  | Received a gift from Okawaru
 49122 | Abyss:4  | Paralysed by a floating eye for 4 turns
 49130 | Abyss:4  | Paralysed by a floating eye for 3 turns
 49149 | Abyss:4  | Paralysed by a floating eye for 3 turns
 49170 | Abyss:4  | Got an abyssal rune of Zot
 49172 | Abyss:4  | Paralysed by a floating eye for 2 turns
 49177 | Abyss:4  | Paralysed by a floating eye for 3 turns
 49186 | Abyss:4  | Paralysed by a floating eye for 3 turns
 49220 | Abyss:4  | Paralysed by a floating eye for 2 turns
 49223 | Abyss:4  | Paralysed by a floating eye for 4 turns
 49228 | Abyss:4  | Paralysed by a floating eye for 4 turns
 49236 | Abyss:4  | Paralysed by a floating eye for 3 turns
 49317 | Abyss:5  | Gained mutation: You sometimes lose your temper in combat.
                  | [a cacodemon]
 49463 | Abyss:5  | Reached XP level 27. HP: 218/218 MP: 19/19
 49507 | Abyss:5  | Reached skill level 27 in Dodging
 49568 | Abyss:5  | Gained mutation: You are frail. (-10% HP) [a neqoxec]
 49569 | Abyss:5  | Gained mutation: Your body sometimes deteriorates upon
                  | taking damage. [a neqoxec]
 49659 | Depths:3 | Escaped the Abyss
 49703 | Depths:3 | Lost mutation: You have very sharp teeth. [potion of
                  | mutation]
 49703 | Depths:3 | Lost mutation: You are strong-willed. (Will+) [potion of
                  | mutation]
 49703 | Depths:3 | Gained mutation: Your body often deteriorates upon taking
                  | damage. [potion of mutation]
 49704 | Depths:3 | Lost mutation: You are occasionally teleported next to
                  | monsters. [potion of mutation]
 49704 | Depths:3 | Lost mutation: You are partially covered in iridescent
                  | scales. (AC +2) [potion of mutation]
 49704 | Depths:3 | Lost mutation: You are frail. (-10% HP) [potion of
                  | mutation]
 49705 | Depths:3 | Lost mutation: You occasionally lose the ability to drink
                  | potions when taking damage. [potion of mutation]
 49705 | Depths:3 | Lost mutation: Your magical capacity is low. (-10% MP)
                  | [potion of mutation]
 49705 | Depths:3 | Lost mutation: You are partially covered in large bone
                  | plates. (SH +4) [potion of mutation]
 49705 | Depths:3 | Gained mutation: You are robust. (+10% HP) [potion of
                  | mutation]
 49705 | Depths:3 | Gained mutation: You passively dampen the noise of your
                  | surroundings. [potion of mutation]
 49705 | Depths:3 | Gained mutation: Your system is resistant to poisons.
                  | (rPois) [potion of mutation]
 49706 | Depths:3 | Lost mutation: You passively dampen the noise of your
                  | surroundings. [potion of mutation]
 49706 | Depths:3 | Lost mutation: You occasionally shout uncontrollably at
                  | your foes. [potion of mutation]
 49706 | Depths:3 | Gained mutation: You are covered in thick fur. (AC +2)
                  | [potion of mutation]
 49716 | Depths:3 | Lost mutation: You sometimes lose your temper in combat.
                  | [potion of mutation]
 49716 | Depths:3 | Lost mutation: Your body often deteriorates upon taking
                  | damage. [potion of mutation]
 49716 | Depths:3 | Gained mutation: You passively map a small area around you.
                  | [potion of mutation]
 49716 | Depths:3 | Gained mutation: You have a pair of large horns on your
                  | head. [potion of mutation]
 49765 | Zig:1    | Entered Level 1 of a ziggurat
 49782 | Zig:2    | Entered Level 2 of a ziggurat
 49785 | Zig:2    | Found the amulet of the Four Winds {rN+ Will+++ Clar}
 49823 | Zig:3    | Entered Level 3 of a ziggurat
 49843 | Zig:3    | Identified the amulet of the Ten Ziggurats {Faith rF+}
 49857 | Zig:4    | Entered Level 4 of a ziggurat
 49883 | Zig:4    | Identified the +6 war axe "Fyuced" {drain, rF- rN+ rCorr
                  | Int+8}
 49896 | Zig:5    | Entered Level 5 of a ziggurat
 49940 | Zig:6    | Entered Level 6 of a ziggurat
 49954 | Zig:6    | Paralysed by accursed screaming for 1 turns
 49963 | Zig:6    | Paralysed by accursed screaming for 1 turns
 49964 | Zig:6    | Paralysed by accursed screaming for 1 turns
 49990 | Zig:6    | Identified the +1 pair of boots of Qoolytos {rC+ Regen+
                  | rCorr Str+2}
 50012 | Zig:7    | Entered Level 7 of a ziggurat
 50018 | Zig:7    | Found the +8 trident of the Octopus King {venom, rElec
                  | rPois}
 50021 | Zig:7    | Gained mutation: You sometimes lose your temper in combat.
                  | [a neqoxec]
 50045 | Zig:7    | Identified the +2 pair of gloves of the Countless Mice
                  | {Int+3 Stlth+}
 50053 | Zig:8    | Entered Level 8 of a ziggurat
 50201 | Zig:9    | Entered Level 9 of a ziggurat
 50209 | Zig:9    | Noticed an ancient lich
 50209 | Zig:9    | Paralysed by a wendigo for 1 turns
 50222 | Zig:9    | Killed an ancient lich
 50244 | Zig:9    | HP: 9/300 [nargun (11)]
 50244 | Zig:9    | Mangled by a nargun

Illustrated notes

Levels and vault maps discovered:
D:1:      moated_graveyard_arrival, layout_basic, minmay_tromino_i2
D:2:      layout_loops_ring
D:3:      layout_loops_ring, nzn_wu_jian_council_hall,
          mainiacjoe_overflow_boulevard, uniq_crazy_yiuf_cottage, uniq_jessica
D:4:      layout_cave_pods, minmay_temple_entry_offerings, minmay_quantized,
          uniq_grinder, uniq_robin, uniq_sigmund
D:5:      layout_basic, lightli_temple_of_fire, gammafunk_ghost_necromancy,
          nicolae_inconvenience_store, uniq_eustachio
D:6:      layout_basic, ashenzari_conservatory_becter
D:7:      minmay_the_grid_triangle_9x9_rhombus_thin
          [minmay_the_grid_triangle_9x9_corrupted_corridor,
          minmay_the_grid_triangle_9x9_prize_schism,
          minmay_the_grid_triangle_9x9_minimal,
          minmay_the_grid_triangle_9x9_stretched_checkered], layout_basic,
          uniq_menkaure
D:8:      layout_loops_ring, gammafunk_temple_overflow_claw, dpeg_lair_monsters,
          serial_shops, shop, uniq_grum
D:9:      layout_roguey, orc_0_dummy
D:10:     layout_basic, gammafunk_ghost_grave, uniq_lodul, uniq_urug, uniq_erica
D:11:     layout_roguey, serial_shops, shop, minivault_11
D:12:     layout_loops_ring, minmay_hedge_maze
D:13:     layout_roguey, ximxim_vaults_locker_room, gammafunk_ghost_grave,
          gauntlet_entry_generic
D:14:     layout_roguey, nicolae_water_bricks, pond
D:15:     hangedman_depths_entry_try_elsewhere_first, layout_basic,
          serial_shops, shop, nicolae_shop_behind_doors,
          nicolae_shop_behind_doors, nicolae_shop_overgrown_old_shop,
          gammafunk_ghost_crypt, uniq_rupert
Temple:   bh_familiar_temple
Lair:1:   layout_loops_ring, ebering_ghost_rock_garden, st_stairs_9,
          serial_bayou_crossing, uniq_gastronok, uniq_amaemon
Lair:2:   layout_regular_city, palyth_hydra_swamp_entry,
          spider_nest_entry_funnel_web, uniq_maggie
Lair:3:   layout_chaotic_city
Lair:4:   dreamdust_cave_troll, layout_cave_pods, slime_entry_2,
          portal_ice_cave_entry_pillars_2, maelrawn_ghost_gauntlet_escape,
          lemuel_fruit_fields
Lair:5:   minmay_lair_end_frog_pond, layout_long_grid, gammafunk_ghost_split
Swamp:1:  layout_falls_marsh, evilmike_swamp_ruin_house_2, uniq_frances
Swamp:2:  layout_basic_swamp, evilmike_swamp_ruin_house_4, uniq_jorgrun
Swamp:3:  cheibrodos_swamp_mausoleum, layout_falls_marsh, serial_swamp_ruin,
          evilmike_swamp_ruin_house_1, evilmike_swamp_ruin_rubble_1,
          swamp_pool1, hangedman_swamp_grove
Swamp:4:  swamp_basic_johnstein, layout_basic_swamp
Spider:1: layout_spider_delve
Spider:2: layout_spider_delve, uniq_nikola, uniq_louise
Spider:3: layout_spider_delve
Spider:4: grunt_spider_rune_parallel
Slime:1:  layout_caves
Slime:2:  layout_caves
Slime:3:  layout_caves
Slime:4:  layout_caves
Slime:5
Orc:1:    layout_caves, bloody_makhleb
Orc:2:    hellmonk_orc_salted, layout_caves, mines5_lemuel, uniq_erolcha
Elf:1:    eino_elf_arrival_altar, layout_rooms, serial_shops, shop,
          nicolae_diamond_shop, nicolae_shop_hallway_stairs, shop, shop,
          enter_trove_1, orc_legates, minivault_13
Elf:2:    elven_hall_of_blades_hangedman_original
          [nicolae_blade_entry_splitting_headache], layout_loops_corners,
          serial_shops, shop_scrolls, nicolae_elf_v_pinch, uniq_saint_roka
Elf:3:    minmay_elf_hall_curves, layout_onion_city, serial_shops,
          nicolae_shop_bloodbath_and_beyond, nicolae_shop_stone, billiards_dpeg
Vaults:1: hangedman_vaults_stream, nicolae_vaults_border_crossing,
          vaults_mumra_hex, nicolae_vaults_angled_halls, hangedman_vaults_snaps,
          vaults_standard_mumra_enter_the_diamond, nicolae_vaults_c_with_doors,
          vaults_room_semicircle, nicolae_vaults_alarming,
          layout_vaults_quadrants, serial_shops, shop, uniq_donald
Vaults:2: vaults_room_stairs_pillars, nicolae_vaults_windows_and_doors_thing,
          ontoclasm_vaults_hangar, vaults_room_grunt_arrival_ludios, st_lattice,
          nicolae_vaults_ring_of_whatevers, nicolae_vaults_little_squares_5,
          v_misc_33, nicolae_vaults_theta, vaults_room_octagon,
          hangedman_vaults_restitches, dpeg_vaults_monster_box,
          layout_vaults_big_room, serial_shops, nicolae_lakefront_shop, shop,
          shop, nicolae_shop_temple_entry_statues_fountains
Vaults:3: v_rooms_2, vaults_room_stairs_pillars, v_misc_33,
          minmay_crypt_entry_simple_sparse, nicolae_vaults_theta,
          vaults_mumra_bighexcomb, hangedman_vaults_locks, v_misc_23,
          hangedman_vaults_stagger, hangedman_vaults_unwind,
          grunt_vaults_diagonal, vaults_mumra_chevron_long,
          vaults_room_door_hall, nicolae_vaults_shelves_hall,
          ontoclasm_vaults_loading_screen, layout_vaults_omnibox, uniq_asterion
Vaults:4: v_alt_pattern_3, serial_ice_h, nicolae_vaults_network_s,
          vaults_room_boxed, hangedman_vaults_trim, v_alt_pattern_1,
          ontoclasm_vaults_eye, vaults_room_glass_cross, layout_vaults_omnicross
Vaults:5: serial_shops
Crypt:1:  layout_rooms, grunt_crypt_arrival_webbed
Crypt:2:  layout_misc_corridors
Crypt:3:  lightli_unholy_cathedral, layout_chaotic_city,
          nicolae_tomb_entry_rubble_hallway, basic_altar
Depths:1: layout_cave_shapes, hex_medium, grunt_hell_horde, minivault_12,
          firewood_loft
Depths:2: kennysheep_demon_jail, layout_cave_shapes, hell_entry, pan_entry,
          nicolae_ru_awakened_eye, minmay_staircase_windowed_small
Depths:3: thingy_vault_2, layout_cave_shapes, enter_ziggurat_a, serial_shops,
          kennysheep_mini_moat, abyss_entry, hangedman_coc_ice_floe,
          minmay_misc_feat_rows, xom_teletrap_fun
Depths:4: hangedman_slaughterboxes, pan_entry, hell_entry
Zig:9

Skill      XL: |  1  2  3  4  5  6  7  8  9 10 11 12 13 14 15 16 17 18 19 20 21 22 23 24 25 26 27 |
---------------+----------------------------------------------------------------------------------+-----
Dodging        | 1 2 3 4 5 7 8 10 11 12 13 14 15 17 18 19 21 22 23 26 27 | 27.0
Shields        | 4 5 6 7 10 12 14 16 17 18 19 20 21 22 23 25 26 27 | 27.0
Armour         | 4 5 6 7 8 10 11 12 13 14 15 17 18 19 20 22 23 24 25 27 | 27.0
Fighting       | 4 5 6 7 8 10 11 13 15 17 18 19 21 22 23 24 25 26 27 | 27.0
Axes           | 3 4 5 8 12 13 14 15 16 17 18 19 20 22 | 22.4
Invocations    | 1 4 6 8 9 |  9.0

Action                   |  1- 3 |  4- 6 |  7- 9 | 10-12 | 13-15 | 16-18 | 19-21 | 22-24 | 25-27 || total
-------------------------+-------+-------+-------+-------+-------+-------+-------+-------+-------++-------
Melee: War axe           |   116 |    74 |    42 |       |       |       |       |       |       ||   232
       Headbutt          |    19 |    16 |    32 |    99 |   240 |   245 |   338 |   476 |   512 ||  1977
       Broad axe         |       |       |   162 |   413 |  1020 |   878 |  1257 |  1627 |  1473 ||  6830
       Bite              |       |       |       |       |       |       |       |       |    69 ||    69
Invok: Heroism           |       |       |       |     2 |     1 |     3 |       |     3 |     4 ||    13
       Finesse           |       |       |       |     1 |     1 |     3 |       |     3 |     4 ||    12
Evoke: Wand              |       |       |       |       |       |       |       |       |     1 ||     1
  Use: Scroll            |     1 |    10 |    19 |    10 |     5 |     4 |    10 |    12 |     5 ||    76
       Potion            |       |     3 |       |     5 |    10 |     6 |     2 |     3 |    13 ||    42
 Stab: Invisible         |       |       |       |     2 |    11 |    32 |       |    10 |    22 ||    77
       Confused          |       |       |       |       |     2 |       |       |       |       ||     2
       Petrified         |       |       |       |       |     2 |       |       |       |       ||     2
       Held in net/web   |       |       |       |       |       |     1 |       |       |       ||     1
       Distracted        |       |       |       |       |       |       |       |       |     1 ||     1
Armor: Scale mail        |    53 |    35 |   116 |   177 |   351 |   211 |     6 |       |       ||   949
       Crystal plate arm |       |       |       |       |       |       |   413 |   201 |   482 ||  1096
       Chain mail        |       |       |       |       |       |       |       |    74 |       ||    74
Dodge: Dodged            |    50 |    40 |   109 |   210 |   520 |   441 |   675 |   613 |   815 ||  3473
Block: Buckler           |    21 |    14 |    51 |    92 |   190 |       |       |       |       ||   368
       Kite shield       |       |       |       |       |   424 |   761 |  1055 |  1181 |  1399 ||  4820

Table legend: (Time is in decaauts)
 A = Elapsed time spent in this place.
 B = Non-inter-level travel time spent in this place.
 C = Inter-level travel time spent in this place.
 D = Time resting spent in this place.
 E = Time spent auto-exploring this place.
 F = Levels seen in this place.
 G = Mean time per level.
                   A        B        C        D        E       F      G
               +--------+--------+--------+--------+--------+-----+--------+
         Total |  48956 |  44627 |   4329 |   1659 |  29925 |  68 |  719.9 |
       Dungeon |  15512 |  13301 |   2211 |    253 |  10506 |  15 | 1034.1 |
        Temple |    193 |    161 |     32 |      0 |    153 |   1 |  193.0 |
          Lair |   5461 |   4877 |    584 |      0 |   3720 |   5 | 1092.2 |
         Swamp |   2833 |   2670 |    163 |      7 |   1621 |   4 |  708.2 |
   Spider Nest |   3575 |   3383 |    192 |    109 |   2420 |   4 |  893.8 |
    Slime Pits |    398 |    398 |      0 |     14 |      1 |   5 |   79.6 |
  Orcish Mines |   1382 |   1215 |    167 |      3 |    879 |   2 |  691.0 |
   Elven Halls |   2981 |   2838 |    143 |    120 |   1719 |   3 |  993.7 |
        Vaults |   6534 |   6088 |    446 |    202 |   4175 |   5 | 1306.8 |
         Crypt |   2355 |   2211 |    144 |      0 |   1407 |   3 |  785.0 |
        Depths |   3722 |   3480 |    242 |    307 |   1856 |   4 |  930.5 |
         Abyss |   1901 |   1901 |      0 |     82 |    854 |   6 |  316.8 |
      Ziggurat |    438 |    438 |      0 |     99 |      0 |   9 |   48.7 |
      Ice Cave |    969 |    969 |      0 |    114 |    419 |   1 |  969.0 |
      Gauntlet |    695 |    695 |      0 |    347 |    195 |   1 |  695.0 |
               +--------+--------+--------+--------+--------+-----+--------+

Top non-repeatable levels by time:
Vaults:3: 1426 daAuts
    D:10: 1395 daAuts
     D:5: 1386 daAuts
Vaults:5: 1382 daAuts
  Lair:2: 1348 daAuts
Vaults:1: 1330 daAuts
   Elf:3: 1317 daAuts
     D:3: 1296 daAuts
     D:7: 1276 daAuts
Vaults:4: 1270 daAuts
 Crypt:3: 1218 daAuts
    D:12: 1187 daAuts
Depths:4: 1180 daAuts
  Lair:1: 1138 daAuts
Vaults:2: 1125 daAuts
